[ AOE2 MATCH · #505942402 ]
UnrankedItalians vs Georgians
Player's team · WIN
Rival team · LOSS
[ REPLAY ANALYSIS · EXTRACTED FROM THE RECORDED GAME ]
Feudal
9:52
Castle
25:09
Imperial
—
| APM avg | 62.7 |
| APM peak | 93 |
| eAPM avg | 22.8 |
| Villagers / military | 90 / 55 |
Focus
⚔️ 36.8% · 🌾 63.2%
Archer ×29 · Skirmisher ×15 · Scout Cavalry ×5 · Monk ×3 · Mangonel ×3
Feudal
10:06
Castle
23:35
Imperial
—
| APM avg | 57.4 |
| APM peak | 96 |
| eAPM avg | 26.1 |
| Villagers / military | 93 / 70 |
Focus
⚔️ 48.5% · 🌾 51.5%
Skirmisher ×36 · Archer ×19 · Militia ×6 · Spearman ×5 · Monk ×3 · Mangonel ×1
Match map
Initial resources + every placement click. Lines = walls · curves = elevation contours. ◆ gold · ⬟ stone · ● berries · ✦ relic · ◌ wall gap
Your base· ✓ Closed at 25:09 · 40t walls · no gate
xana's base· Open — opponent sealed themselves in
Smoothed initial terrain · ◌ = detected wall gap · hover for details
Inputs per minute
— CNZS_98T - - xana
Build order — CNZS_98T
First 150 of 253 actions detected
| 0:00 | Create | Villager (Male) |
| 0:01 | Create | Villager (Male) |
| 0:01 | Create | Villager (Male) |
| 0:01 | Create | Villager (Male) |
| 0:02 | Build | House |
| 0:04 | Build | House |
| 1:24 | Create | Villager (Male) |
| 1:24 | Create | Villager (Male) |
| 1:50 | Create | Villager (Male) |
| 2:04 | Build | Lumber Camp |
| 2:25 | Create | Villager (Male) |
| 2:26 | Create | Villager (Male) |
| 2:51 | Create | Villager (Male) |
| 2:51 | Create | Villager (Male) |
| 2:58 | Build | House |
| 3:01 | Create | Villager (Male) |
| 3:27 | Create | Villager (Male) |
| 3:27 | Create | Villager (Male) |
| 3:57 | Create | Villager (Male) |
| 3:57 | Create | Villager (Male) |
| 3:57 | Create | Villager (Male) |
| 4:27 | Create | Villager (Male) |
| 4:33 | Build | Mill |
| 4:46 | Create | Villager (Male) |
| 5:10 | Create | Villager (Male) |
| 5:10 | Create | Villager (Male) |
| 6:08 | Research | Loom |
| 6:47 | Create | Villager (Male) |
| 7:17 | Create | Villager (Male) |
| 7:36 | Research | Feudal Age |
| 8:03 | Build | Lumber Camp |
| 8:57 | Build | House |
| 9:20 | Build | Barracks |
| 9:44 | Create | Villager (Male) |
| 9:52 | Age | Feudal Age |
| 10:02 | Create | Villager (Male) |
| 10:14 | Build | Stable |
| 10:17 | Create | Villager (Male) |
| 10:27 | Create | Villager (Male) |
| 10:36 | Research | Double-Bit Axe |
| 10:36 | Research | Double-Bit Axe |
| 10:45 | Create | Villager (Male) |
| 10:49 | Build | House |
| 11:03 | Create | Villager (Male) |
| 11:05 | Create | Villager (Male) |
| 11:07 | Build | Mill |
| 11:11 | Create | Scout Cavalry |
| 11:11 | Create | Scout Cavalry |
| 11:25 | Create | Scout Cavalry |
| 11:59 | Build | Archery Range |
| 12:01 | Create | Villager (Male) |
| 12:03 | Build | House |
| 12:06 | Build | Palisade Wall |
| 12:09 | Build | Palisade Wall |
| 12:11 | Build | Palisade Wall |
| 12:14 | Build | Palisade Wall |
| 12:16 | Build | Palisade Wall |
| 12:20 | Build | House |
| 12:23 | Create | Villager (Male) |
| 12:27 | Create | Scout Cavalry |
| 12:36 | Create | Archer |
| 12:51 | Create | Skirmisher |
| 12:53 | Create | Skirmisher |
| 12:56 | Build | House |
| 13:19 | Create | Scout Cavalry |
| 13:24 | Build | Mining Camp |
| 13:27 | Create | Villager (Male) |
| 13:29 | Build | Farm |
| 13:33 | Create | Skirmisher |
| 13:53 | Build | House |
| 13:54 | Build | Palisade Wall |
| 13:58 | Build | Farm |
| 14:13 | Build | Palisade Wall |
| 14:18 | Create | Villager (Male) |
| 14:19 | Create | Skirmisher |
| 14:31 | Create | Skirmisher |
| 14:45 | Build | Farm |
| 14:50 | Build | Watch Tower |
| 14:58 | Create | Villager (Male) |
| 14:58 | Build | Farm |
| 15:07 | Create | Skirmisher |
| 15:19 | Create | Villager (Male) |
| 15:21 | Build | Farm |
| 15:39 | Create | Skirmisher |
| 16:03 | Create | Villager (Male) |
| 16:05 | Create | Skirmisher |
| 16:11 | Create | Villager (Male) |
| 16:13 | Build | Farm |
| 16:22 | Create | Skirmisher |
| 16:25 | Create | Villager (Male) |
| 16:27 | Build | Farm |
| 16:36 | Create | Skirmisher |
| 16:43 | Build | Farm |
| 16:54 | Build | House |
| 17:01 | Create | Skirmisher |
| 17:09 | Create | Villager (Male) |
| 17:14 | Create | Skirmisher |
| 17:21 | Build | Palisade Wall |
| 17:31 | Create | Villager (Male) |
| 17:48 | Create | Skirmisher |
| 17:54 | Build | Blacksmith |
| 17:55 | Create | Villager (Male) |
| 18:04 | Create | Skirmisher |
| 18:06 | Create | Villager (Male) |
| 18:07 | Build | House |
| 18:12 | Create | Skirmisher |
| 18:25 | Build | House |
| 18:27 | Build | House |
| 18:39 | Build | House |
| 18:40 | Create | Villager (Male) |
| 18:41 | Build | Farm |
| 18:47 | Build | Farm |
| 18:57 | Research | Fletching |
| 19:05 | Create | Villager (Male) |
| 19:07 | Build | House |
| 19:08 | Build | House |
| 19:13 | Create | Archer |
| 19:23 | Create | Villager (Male) |
| 19:33 | Build | Farm |
| 19:34 | Create | Villager (Male) |
| 19:34 | Create | Villager (Male) |
| 20:12 | Create | Villager (Male) |
| 20:14 | Build | Archery Range |
| 20:18 | Build | Mining Camp |
| 20:21 | Build | Palisade Wall |
| 20:25 | Create | Archer |
| 20:56 | Create | Archer |
| 21:05 | Build | Market |
| 21:12 | Build | Farm |
| 21:19 | Build | Palisade Wall |
| 21:25 | Create | Villager (Male) |
| 21:33 | Create | Archer |
| 21:51 | Create | Villager (Male) |
| 22:20 | Create | Archer |
| 22:29 | Research | Castle Age |
| 22:29 | Build | Farm |
| 22:38 | Build | Palisade Wall |
| 22:43 | Build | Farm |
| 22:55 | Create | Archer |
| 22:56 | Create | Archer |
| 23:00 | Research | Horse Collar |
| 23:00 | Research | Horse Collar |
| 23:06 | Build | Palisade Wall |
| 23:07 | Build | Palisade Wall |
| 23:29 | Build | Farm |
| 23:32 | Build | House |
| 23:37 | Research | Wheelbarrow |
| 23:38 | Research | Wheelbarrow |
| 23:39 | Create | Archer |
| 23:39 | Create | Archer |
Build order — xana
First 150 of 280 actions detected
| 0:01 | Create | Villager (Male) ×4 |
| 0:02 | Build | House |
| 0:03 | Build | House |
| 1:29 | Create | Villager (Male) |
| 1:55 | Create | Villager (Male) |
| 2:30 | Create | Villager (Male) |
| 2:42 | Build | Barracks |
| 2:52 | Create | Villager (Male) |
| 3:19 | Create | Villager (Male) |
| 3:33 | Build | House |
| 3:40 | Create | Villager (Male) |
| 3:55 | Create | Militia |
| 4:02 | Create | Villager (Male) |
| 4:17 | Create | Militia |
| 4:29 | Create | Villager (Male) |
| 4:49 | Build | House |
| 4:55 | Create | Villager (Male) |
| 5:15 | Create | Villager (Male) |
| 5:25 | Create | Villager (Male) |
| 5:33 | Create | Villager (Male) |
| 5:40 | Build | Mill |
| 6:12 | Create | Villager (Male) |
| 6:39 | Create | Villager (Male) |
| 7:13 | Research | Loom |
| 7:51 | Research | Feudal Age |
| 8:23 | Create | Militia |
| 8:51 | Create | Militia |
| 9:14 | Create | Villager (Male) |
| 9:23 | Build | House |
| 9:26 | Build | House |
| 9:38 | Build | Mill |
| 9:48 | Build | House |
| 9:50 | Build | Palisade Wall |
| 9:51 | Build | Palisade Wall |
| 10:06 | Age | Feudal Age |
| 10:12 | Research | Man-at-Arms (upgrade) |
| 10:13 | Create | Villager (Male) |
| 10:24 | Create | Militia |
| 10:27 | Build | Archery Range |
| 11:02 | Create | Villager (Male) |
| 11:03 | Create | Militia |
| 11:20 | Create | Skirmisher |
| 11:22 | Create | Villager (Male) |
| 11:30 | Create | Skirmisher |
| 11:49 | Create | Skirmisher |
| 11:55 | Build | House |
| 11:56 | Build | Farm |
| 11:58 | Create | Villager (Male) |
| 11:58 | Create | Villager (Male) |
| 12:13 | Build | House |
| 12:23 | Build | Farm |
| 12:24 | Create | Villager (Male) |
| 12:33 | Build | Farm |
| 12:47 | Create | Skirmisher |
| 12:49 | Create | Villager (Male) |
| 12:51 | Build | House |
| 12:51 | Build | Palisade Wall |
| 12:52 | Build | Palisade Wall |
| 12:56 | Create | Skirmisher |
| 12:58 | Create | Spearman |
| 13:06 | Create | Spearman |
| 13:16 | Create | Villager (Male) |
| 13:34 | Build | Farm |
| 13:36 | Build | Farm |
| 13:38 | Create | Villager (Male) |
| 13:57 | Build | Farm |
| 13:59 | Build | House |
| 14:00 | Create | Spearman |
| 14:04 | Create | Villager (Male) |
| 14:32 | Create | Skirmisher |
| 14:47 | Create | Villager (Male) |
| 14:53 | Create | Skirmisher |
| 14:53 | Create | Spearman |
| 14:56 | Build | Farm |
| 14:57 | Build | Farm |
| 15:12 | Build | Farm |
| 15:12 | Build | Farm |
| 15:12 | Create | Villager (Male) |
| 15:29 | Create | Skirmisher |
| 15:32 | Create | Villager (Male) |
| 15:37 | Create | Spearman |
| 15:39 | Build | House |
| 15:45 | Create | Villager (Male) |
| 15:55 | Create | Villager (Male) |
| 16:28 | Create | Villager (Male) |
| 16:33 | Build | House |
| 16:54 | Create | Villager (Male) |
| 17:08 | Build | Farm |
| 17:08 | Build | Farm |
| 17:09 | Create | Villager (Male) |
| 17:29 | Build | Blacksmith |
| 17:46 | Create | Skirmisher |
| 17:47 | Create | Villager (Male) |
| 18:02 | Build | Farm |
| 18:13 | Create | Skirmisher |
| 18:34 | Research | Fletching |
| 18:34 | Create | Villager (Male) |
| 18:36 | Build | Mule Cart |
| 18:49 | Build | Farm |
| 18:49 | Create | Villager (Male) |
| 19:14 | Build | Farm |
| 19:20 | Create | Archer |
| 19:20 | Create | Archer |
| 19:25 | Create | Villager (Male) |
| 19:43 | Build | Farm |
| 19:46 | Build | House |
| 19:47 | Build | Palisade Wall |
| 19:49 | Build | Palisade Wall |
| 20:09 | Create | Villager (Male) |
| 20:10 | Build | Farm |
| 20:55 | Research | Castle Age |
| 20:55 | Research | Castle Age |
| 21:00 | Build | Stable |
| 21:05 | Build | Archery Range |
| 21:06 | Create | Archer |
| 21:11 | Build | Mule Cart |
| 21:26 | Research | Double-Bit Axe |
| 21:40 | Research | Horse Collar |
| 21:42 | Create | Archer |
| 21:57 | Build | Farm |
| 21:58 | Create | Archer |
| 22:15 | Create | Archer |
| 22:15 | Create | Archer |
| 22:19 | Research | Scale Barding Armor |
| 22:20 | Build | Farm |
| 22:22 | Create | Archer |
| 22:27 | Build | Farm |
| 22:46 | Create | Archer |
| 22:47 | Create | Archer |
| 22:54 | Create | Villager (Male) |
| 23:35 | Age | Castle Age |
| 23:38 | Research | Bodkin Arrow |
| 23:39 | Research | Crossbowman (upgrade) |
| 23:47 | Create | Villager (Male) |
| 23:54 | Build | Town Center |
| 24:01 | Build | Monastery |
| 24:16 | Create | Villager (Male) |
| 24:29 | Research | Padded Archer Armor |
| 24:34 | Create | Villager (Male) |
| 24:35 | Build | Farm |
| 24:41 | Create | Archer |
| 24:41 | Create | Archer |
| 24:41 | Create | Archer |
| 24:54 | Create | Villager (Male) |
| 24:59 | Create | Monk |
| 25:05 | Create | Villager (Male) |
| 25:08 | Create | Villager (Male) |
| 25:24 | Create | Skirmisher |
| 25:24 | Create | Skirmisher |
| 25:24 | Create | Skirmisher |
Match timeline
| 2:42 | xana · first_building Barracks |
| 9:20 | CNZS_98T · first_building Barracks |
| 9:50 | xana · wall_segment Palisade Wall x1 |
| 9:51 | xana · wall_segment Palisade Wall x1 |
| 9:52 | CNZS_98T · age_up feudal |
| 10:06 | xana · age_up feudal |
| 10:14 | CNZS_98T · first_building Stable |
| 10:27 | xana · first_building Archery Range |
| 11:59 | CNZS_98T · first_building Archery Range |
| 12:06 | CNZS_98T · wall_segment Palisade Wall x1 |
| 12:09 | CNZS_98T · wall_segment Palisade Wall x1 |
| 12:11 | CNZS_98T · wall_segment Palisade Wall x1 |
| 12:14 | CNZS_98T · wall_segment Palisade Wall x1 |
| 12:16 | CNZS_98T · wall_segment Palisade Wall x1 |
| 12:51 | xana · wall_segment Palisade Wall x1 |
| 12:52 | xana · wall_segment Palisade Wall x1 |
| 13:54 | CNZS_98T · wall_segment Palisade Wall x1 |
| 14:13 | CNZS_98T · wall_segment Palisade Wall x1 |
| 17:21 | CNZS_98T · wall_segment Palisade Wall x1 |
| 19:47 | xana · wall_segment Palisade Wall x1 |
| 19:49 | xana · wall_segment Palisade Wall x7 |
| 20:21 | CNZS_98T · wall_segment Palisade Wall x5 |
| 21:00 | xana · first_building Stable |
| 21:19 | CNZS_98T · wall_segment Palisade Wall x17 |
| 22:13 | CNZS_98T · first_market_buy 100 food |
| 22:38 | CNZS_98T · wall_segment Palisade Wall x7 |
| 23:06 | CNZS_98T · wall_segment Palisade Wall x1 |
| 23:07 | CNZS_98T · wall_segment Palisade Wall x1 |
| 23:35 | xana · age_up castle |
| 24:01 | xana · first_building Monastery |
| 24:47 | CNZS_98T · wall_segment Stone Wall x1 |
| 25:09 | CNZS_98T · age_up castle |
| 25:45 | xana · first_building Siege Workshop |
| 28:11 | CNZS_98T · first_building Monastery |
| 29:57 | CNZS_98T · first_building Siege Workshop |
| 32:13 | xana · first_market_buy 100 food |
| 33:42 | CNZS_98T · first_building Castle |
| 34:41 | xana · resign |
[ AI ANALYSIS · 1 CREDIT ]
What really happened in this match?
Wolo.gg analyzes every decision: build order, eco, micro, common mistakes by bracket. Personalized analysis on WhatsApp or Discord in 30 seconds.
Civ guide
Italians
Perfil
Jibatong (CNZS_98T)